 Dungeon Crawl Stone Soup version 0.31-a0-618-g7ca08c1ff9 (webtiles) character file.

Game seed: 6975548380930696780

1 thirtiethelement the Trooper (level 1, -1/18 HPs)
             Began as a Demonspawn Cinder Acolyte on Aug 23, 2023.
             Was a High Priest of Ignis.
             Slain by a kobold
             ... wielding a +0 club
              (2 damage)
             ... on level 1 of the Dungeon.
             The game lasted 00:00:09 (35 turns).

thirtiethelement the Trooper (DsCA)                   Turns: 35, Time: 00:00:10

Health: -1/18      AC:  2    Str: 14    XL:     1   Next: 16%
Magic:  2/2        EV:  8    Int: 15    God:    Ignis [*****.]
Gold:   8          SH:  0    Dex:  8    Spells: 2/2 levels left

rFire   + . .        a - -1 hand axe (flame)
rCold   . . .        (no shield)
rNeg    . . .        b - +0 robe
rPois   .            (no helmet)
rElec   .            (no cloak)
rCorr   .            (no gloves)
SInv    .            (no boots)
Will    .....        (no amulet)
Stlth   +            (no ring)
HPRegen 0.23/turn    (no ring)
MPRegen 0.08/turn

%: no passive effects
@: constricted
A: no striking features
a: Renounce Religion, Fiery Armour, Foxfire Swarm, Rising Flame


You were on level 1 of the Dungeon.
You worshipped Ignis.
Ignis was extremely pleased with you.
You visited 1 branch of the dungeon, and saw 1 of its levels.

You collected 8 gold pieces.

Inventory:

Hand Weapons
 a - a -1 hand axe of flaming (weapon)
Armour
 b - a +0 robe (worn)


   Skills:
 + Level 3.0 Fighting
 + Level 2.8 Axes
 + Level 1.0 Spellcasting
 + Level 2.6 Fire Magic


You had 2 spell levels left.
You didn't know any spells.
Your spell library contained the following spells:

 Spells                   Type           Power      Damage    Failure   Level
 Scorch                   Fire           16%        2d5       12%         2


Dungeon Overview and Level Annotations

Branches:
Dungeon (1/15)

Altars:


Message History

A kobold comes into view. It is wielding a +0 club.
The kobold shouts!
You hear a shout!
A ball python comes into view.
The kobold throws a stone.
The stone closely misses you.
A hobgoblin comes into view.
The hobgoblin shouts!
The ball python hisses angrily.
A rat comes into view.
Found 5 stones.
You closely miss the ball python.
The ball python bites you but does no damage.
The ball python misses you.
You hit the ball python. You burn the ball python.
The ball python is severely wounded.
The ball python bites you. The ball python grabs you.
The ball python constricts you.
A hobgoblin comes into view.
You closely miss the ball python.
The ball python is severely wounded.
You barely miss the kobold.
The hobgoblin shouts!
The ball python barely misses you. The ball python constricts you.
The kobold hits you with a +0 club. The ball python closely misses you.
The ball python constricts you.
You barely miss the ball python.
The ball python is severely wounded.
You closely miss the kobold. You hit the hobgoblin. You burn the hobgoblin.
The hobgoblin barely misses you. The kobold hits you with a +0 club.
The ball python bites you. The ball python constricts you.
* * * LOW HITPOINT WARNING * * *
The hobgoblin hits you.
* * * LOW HITPOINT WARNING * * *
The kobold barely misses you.
You closely miss the ball python.
The ball python is severely wounded.
You closely miss the kobold. You barely miss the hobgoblin. You hit the rat.
You burn the rat.
You kill the rat!
The ball python barely misses you. The ball python constricts you.
The kobold hits you with a +0 club.
You die...

........#
#.#.......#
#.#.......# #.
##.#.......# #..
....g.....## ...#
###.....>....
.....#.#..Kg....(.
#...#.#..@S#
#......#.#
#.#......#.####
##.#......#.....
.............#
####.###...#.#
#.....#.#.#
#.....#...#
#.....#####


You could see 2 hobgoblins, a ball python and a kobold.

Vanquished Creatures
  A ball python (D:1)
  A rat (D:1)
2 creatures vanquished.

Notes
Turn   | Place    | Note
-------+----------+-------------------------------------------
     0 | D:1      | thirtiethelement the Demonspawn Cinder Acolyte began the
                  | quest for the Orb.
     0 | D:1      | Reached XP level 1. HP: 18/18 MP: 2/2
    35 | D:1      | Slain by a kobold

Illustrated notes

Levels and vault maps discovered:
D:1:      erik_arrival_blinker_ship, layout_loops_ring

Action                     || total
---------------------------++-------
  Melee: Hand axe          ||     7
 Armour: Robe              ||     1
  Dodge: Dodged            ||     9

Table legend: (Time is in decaauts)
 A = Elapsed time spent in this place.
 B = Non-inter-level travel time spent in this place.
 C = Inter-level travel time spent in this place.
 D = Time resting spent in this place.
 E = Time spent auto-exploring this place.
 F = Levels seen in this place.
 G = Mean time per level.
                   A        B        C        D        E       F      G
               +--------+--------+--------+--------+--------+-----+--------+
         Total |     36 |     36 |      0 |      0 |     20 |   1 |   36.0 |
       Dungeon |     36 |     36 |      0 |      0 |     20 |   1 |   36.0 |
               +--------+--------+--------+--------+--------+-----+--------+

Top non-repeatable levels by time:
     D:1: 36 daAuts
